Map: Romanticide LE

Players

soul

  • Race: Terran Terran

Trap - Winner!

  • Race: Protoss Protoss

Event: TSL 7

VOD

Have the link to the VOD?

Description

Time

  • Played on: June 13, 2021, 8:41 a.m.
  • Length: 14:42

All games in this series

Show
View Real Time Build Order
Export as new Build Order

soul Terran 

Build Orders: Reaper Expand 

Get SALT Encoding   

  12  0:00  SCV  
  13  0:12  SCV  
  14  0:17  Supply Depot  
  14  0:24  SCV  
  15  0:39  SCV  
  15  0:40  Barracks  
  16  0:44  Refinery  
  16  0:51  SCV  
  17  1:03  SCV  
  18  1:15  SCV  
  19  1:20  Engineering Bay  
  19  1:27  Reaper  
  19  1:28  Orbital Command  
  20  1:48  Command Center  
  20  1:54  Supply Depot  
  20  1:57  SCV  
  21  2:01  Marine  
  22  2:10  SCV  
  22  2:15  Factory  
  23  2:21  Marine  
  23  2:22  SCV  
  25  2:27  Bunker  
  25  2:34  SCV  
  26  2:41  Barracks Reactor  
  26  2:46  SCV  
  27  2:58  SCV  
  28  3:00  Factory Tech Lab  
  28  3:01  Orbital Command  
  28  3:09  Command Center  
  28  3:10  SCV  
  29  3:19  Marine  
  29  3:20  Marine  
  29  3:22  Siege Tank  
  34  3:28  SCV x2  
  34  3:37  Marine x2  
  34  3:40  SCV x2  
  35  3:52  SCV x2  
  35  3:53  Refinery  
  35  3:55  Marine  
  37  3:56  Supply Depot  
  38  4:03  Siege Tank  
  38  4:04  SCV x2  
  43  4:16  SCV x2  
  45  4:17  Barracks  
  45  4:18  Barracks  
  45  4:22  Orbital Command  
  45  4:28  SCV, Engineering Bay  
  45  4:31  SCV  
  47  4:32  Refinery  
  47  4:33  Marine  
  47  4:35  Marine  
  49  4:39  Siege Tank  
  52  4:49  Supply Depot  
  52  4:50  SCV  
  52  4:52  Marine  
  53  4:53  SCV  
  54  5:00  SCV  
  54  5:02  Starport, Marine  
  56  5:07  Barracks Tech Lab  
  56  5:08  Marine  
  56  5:09  Refinery, SCV  
  56  5:11  SCV  
  59  5:15  Siege Tank  
  59  5:16  SCV  
  59  5:17  Marine  
  59  5:20  Marine  
  65  5:25  SCV, Supply Depot  
  68  5:28  Marauder, Marine  
  68  5:32  SCV  
  68  5:34  Marine  
  71  5:38  Marine  
  71  5:39  Engineering Bay  
  71  5:40  Missile Turret, Stimpack  
  71  5:42  SCV x2  
  74  5:45  Starport Reactor  
  74  5:47  SCV  
  75  5:50  Barracks Tech Lab  
  75  5:54  SCV x2  
  76  5:57  Supply Depot x2  
  76  5:59  SCV  
  77  6:06  SCV  
  77  6:07  Terran Infantry Armor Level 1, Terran Infantry Weapons Level 1  
  77  6:09  Marauder, Marine  
  77  6:10  Marauder  
  84  6:15  Marine  
  83  6:27  Combat Shield  
  83  6:28  Barracks  
  83  6:29  Barracks  
  83  6:31  Marauder x2, Marine  
  88  6:34  SCV x2  
  88  6:37  Orbital Command  
  90  6:41  Marine  
  90  6:46  SCV x2  
  91  6:52  Marauder, Supply Depot  
  91  6:54  Supply Depot x2  
  93  6:55  Medivac  
  93  6:56  Medivac  
  93  6:58  SCV x2, Missile Turret  
  99  7:02  Bunker  
  99  7:04  SCV  
  100  7:10  SCV, Marine  
  100  7:14  SCV  
  102  7:16  SCV  
  102  7:20  Barracks Reactor  
  102  7:22  Barracks Tech Lab, SCV, Supply Depot  
  104  7:25  Marauder, Marine, Supply Depot  
  104  7:26  SCV  
  104  7:27  Concussive Shells  
  104  7:28  SCV  
  109  7:31  Viking  
  109  7:34  Refinery  
  109  7:35  SCV  
  109  7:37  Viking, Supply Depot  
  112  7:38  SCV  
  112  7:40  SCV  
  116  7:45  Refinery  
  116  7:47  SCV  
  116  7:50  SCV  
  123  7:51  Marauder x3  
  123  7:52  SCV, Supply Depot  
  123  7:54  Siege Tank  
  123  7:55  Supply Depot  
  127  7:59  SCV  
  127  8:00  Armory  
  127  8:02  SCV  
  127  8:04  Marine, Ghost Academy  
  130  8:07  SCV  
  137  8:16  SCV  
  137  8:17  Supply Depot  
  137  8:18  Supply Depot  
  137  8:19  Supply Depot  
  139  8:25  Command Center  
  139  8:26  Medivac x2  
  139  8:29  Marauder, Marine  
  139  8:34  Marauder, Marine  
  145  8:36  Ghost  
  145  8:37  Marine x2  
  146  8:42  SCV x3  
  146  8:46  Marine  
  148  8:50  Marine  
  148  8:51  Supply Depot  
  148  8:52  Marine  
  148  8:54  Marine, Supply Depot  
  148  8:55  Ghost, Marine  
  154  8:59  Enhanced Shockwaves  
  154  9:01  Barracks  
  154  9:02  Barracks x2, Medivac  
  154  9:04  SCV x2, Ghost  
  160  9:15  Terran Infantry Weapons Level 2  
  160  9:16  Marauder, Marine x2  
  164  9:17  Marine  
  164  9:18  Marine  
  164  9:23  Marine  
  167  9:28  Widow Mine  
  169  9:33  Marauder  
  169  9:34  Marine x2  
  169  9:35  SCV x2  
  169  9:38  Marauder  
  177  9:42  Terran Infantry Armor Level 2  
  176  9:49  Widow Mine  
  176  9:52  SCV x2  
  180  9:57  Planetary Fortress  
  180  9:58  SCV  
  181  10:01  Marauder, Marine  
  181  10:04  Marine  
  181  10:06  Missile Turret  
  181  10:07  Refinery  
  182  10:09  Missile Turret  
  182  10:10  Siege Tank  
  182  10:11  Refinery  
  184  10:15  Marine  
  184  10:17  SCV  
  184  10:18  SCV x2, Marine  
  185  10:29  Barracks Tech Lab x3, SCV  
  185  10:30  SCV  
  185  10:31  Command Center  
  177  10:37  Ghost  
  179  10:43  Siege Tank  
  179  10:44  Command Center  
  179  10:46  Terran Vehicle Weapons Level 1  
  182  10:58  Sensor Tower  
  182  11:01  Sensor Tower  
  181  11:15  Siege Tank  
  177  11:18  Command Center  
  177  11:25  Marine, Ghost x2  
  174  11:32  Sensor Tower  
  173  11:33  SCV x3  
  173  11:37  Missile Turret  
  173  11:39  Bunker  
  173  11:45  SCV x2  
  178  11:47  Siege Tank  
  178  11:50  Command Center  
  178  12:04  Terran Infantry Weapons Level 3  
  178  12:05  Missile Turret  
  175  12:09  Missile Turret  
  175  12:16  Ghost  
  175  12:19  Siege Tank  
  175  12:22  Planetary Fortress  
  178  12:27  Ghost  
  180  12:33  Planetary Fortress  
  179  12:43  Orbital Command  
  159  12:58  Siege Tank  
  162  13:05  Refinery  
  162  13:10  Ghost  
  162  13:11  SCV  
  163  13:13  SCV x2  
  160  13:21  Ghost  
  160  13:22  Marine  
  160  13:23  SCV  
  160  13:27  SCV  
  164  13:29  Marine, Ghost  
  164  13:32  Marine  
  146  13:45  Marine  
  146  13:47  Marauder, Marine  
  146  13:48  Marauder  
  133  13:50  Marauder x2, Marine  
  133  13:52  Marine  
  133  13:54  Marine  
  139  14:02  SCV  
  139  14:03  SCV x2  
  139  14:08  Marine  
  139  14:09  Marauder x2  
  146  14:14  SCV  
  146  14:15  SCV x2  
  146  14:16  Missile Turret  
  152  14:17  Sensor Tower  
  152  14:18  Missile Turret  
  143  14:27  SCV x2  
Show
View Real Time Build Order
Export as new Build Order

Trap Protoss - Winner!

Build Orders: 1 Gate Expand, Blink Stalkers 

Get SALT Encoding   

  12  0:00  Probe  
  13  0:12  Probe  
  14  0:17  Pylon  
  14  0:24  Probe (Chrono Boost)  
  15  0:36  Probe (Chrono Boost), Gateway  
  16  0:44  Probe (Chrono Boost)  
  16  0:45  Assimilator  
  17  0:51  Probe  
  18  1:03  Probe  
  19  1:15  Probe  
  20  1:23  Cybernetics Core  
  20  1:34  Nexus  
  20  1:35  Probe  
  21  1:44  Pylon  
  21  1:47  Probe  
  21  1:51  Assimilator  
  22  2:00  Probe, Stalker (Chrono Boost)  
  23  2:05  Warp Gate  
  25  2:12  Probe  
  26  2:20  Adept (Chrono Boost)  
  26  2:24  Probe  
  29  2:32  Twilight Council  
  30  2:37  Probe (Chrono Boost)  
  30  2:46  Probe (Chrono Boost)  
  32  2:55  Probe x2 (Chrono Boost)  
  33  2:58  Stalker  
  33  3:00  Probe (Chrono Boost)  
  33  3:01  Probe  
  33  3:03  Blink (Chrono Boost)  
  37  3:12  Probe, Gateway  
  38  3:23  Probe  
  38  3:24  Probe  
  39  3:36  Probe x2, Robotics Facility  
  41  3:45  Pylon  
  39  3:48  Probe (Chrono Boost)  
  39  3:53  Probe (Chrono Boost), Stalker  
  43  3:56  Gateway  
  43  3:59  Probe (Chrono Boost)  
  43  4:02  Probe (Chrono Boost)  
  45  4:03  Probe (Chrono Boost)  
  45  4:05  Pylon  
  45  4:07  Stalker  
  48  4:12  Probe  
  48  4:13  Assimilator  
  48  4:16  Probe, Assimilator  
  50  4:18  Sentry  
  52  4:24  Observer, Probe  
  52  4:29  Shield Battery  
  52  4:31  Stalker  
  56  4:33  Probe  
  56  4:37  Probe  
  58  4:40  Pylon  
  58  4:46  Observer  
  58  4:48  Nexus  
  58  4:51  Probe x2  
  61  5:05  Stalker x3  
  67  5:08  Probe x2  
  67  5:11  Pylon  
  69  5:18  Pylon  
  69  5:19  Robotics Bay  
  69  5:21  Probe (Chrono Boost)  
  70  5:29  Probe (Chrono Boost)  
  70  5:33  Probe (Chrono Boost)  
  72  5:35  Forge  
  72  5:37  Forge  
  72  5:38  Charge  
  72  5:40  Probe (Chrono Boost)  
  72  5:42  Probe (Chrono Boost), Observer  
  75  5:45  Probe (Chrono Boost)  
  75  5:46  Pylon  
  75  5:48  Sentry  
  78  5:53  Probe  
  78  5:55  Probe  
  80  6:02  Gateway  
  80  6:05  Gateway x2  
  80  6:07  Probe x3  
  83  6:14  Colossus (Chrono Boost)  
  89  6:21  Extended Thermal Lance  
  89  6:22  Probe (Chrono Boost)  
  89  6:23  Probe (Chrono Boost)  
  92  6:27  Probe (Chrono Boost), Pylon  
  92  6:28  Protoss Ground Armor Level 1 (Chrono Boost)  
  92  6:32  Probe x2 (Chrono Boost)  
  94  6:33  Protoss Ground Weapons Level 1 (Chrono Boost)  
  94  6:36  Probe (Chrono Boost)  
  94  6:37  Probe (Chrono Boost)  
  94  6:38  Probe  
  97  6:48  Probe  
  99  6:55  Assimilator  
  99  6:56  Gateway, Assimilator  
  99  6:58  Gateway  
  99  6:59  Zealot x2  
  101  7:02  Colossus (Chrono Boost)  
  101  7:03  Shield Battery  
  101  7:06  Zealot  
  101  7:07  Zealot x2  
  113  7:15  Templar Archives, Zealot  
  115  7:20  Pylon  
  115  7:22  Nexus  
  115  7:32  Robotics Facility  
  115  7:37  Zealot, Pylon  
  115  7:39  Pylon  
  117  7:48  Probe x3  
  120  7:52  Warp Prism (Chrono Boost)  
  120  7:54  Pylon  
  120  7:56  High Templar x4, Zealot  
  120  7:57  Zealot x3  
  138  8:01  Pylon  
  138  8:02  Archon x2  
  138  8:11  Pylon  
  138  8:12  Probe x3  
  141  8:15  Photon Cannon  
  141  8:17  Gravitic Drive  
  141  8:21  Disruptor (Chrono Boost)  
  141  8:22  Shield Battery  
  141  8:26  Pylon  
  147  8:27  Disruptor (Chrono Boost)  
  147  8:28  Pylon  
  147  8:35  Stalker x3  
  147  8:36  Zealot  
  147  8:41  Protoss Ground Weapons Level 2 (Chrono Boost)  
  155  8:46  Probe x3, Assimilator, Protoss Ground Armor Level 2 (Chrono Boost)  
  155  8:47  Probe  
  155  8:48  Assimilator  
  159  8:57  Disruptor  
  162  9:04  Photon Cannon  
  162  9:05  Photon Cannon  
  162  9:06  Disruptor (Chrono Boost)  
  165  9:16  Photon Cannon  
  165  9:19  Nexus  
  163  9:26  Stalker x3  
  163  9:28  Stalker  
  171  9:33  Disruptor (Chrono Boost)  
  174  9:39  Disruptor (Chrono Boost)  
  176  9:46  Dark Shrine  
  176  9:51  Gateway  
  176  9:53  Gateway x2  
  176  9:54  Zealot  
  178  10:02  Disruptor  
  181  10:07  Disruptor  
  181  10:26  Gateway  
  177  10:30  Nexus  
  177  10:33  Gateway  
  177  10:34  Gateway  
  173  10:35  Warp Prism (Chrono Boost)  
  173  10:40  Zealot x5  
  173  10:41  Zealot x3  
  189  10:46  Observer (Chrono Boost)  
  190  10:52  Pylon  
  190  10:55  Photon Cannon, Protoss Ground Weapons Level 3 (Chrono Boost)  
  190  10:56  Pylon  
  190  10:57  Shadow Stride (Chrono Boost)  
  190  10:58  Protoss Shields Level 1 (Chrono Boost)  
  190  10:59  Zealot  
  192  11:21  Disruptor x2 (Chrono Boost)  
  172  11:34  Zealot x2  
  172  11:35  Zealot x6  
  182  11:42  Dark Templar  
  184  11:53  Observer (Chrono Boost), Photon Cannon x2, Disruptor (Chrono Boost)  
  188  11:56  High Templar  
  188  11:57  Photon Cannon, High Templar x3  
  188  11:58  Photon Cannon x2  
  188  12:00  Shield Battery  
  194  12:02  Archon x2  
  190  12:19  Dark Templar x3  
  180  12:26  Disruptor (Chrono Boost)  
  180  12:27  Dark Templar x4  
  191  12:36  Disruptor (Chrono Boost)  
  183  12:57  Dark Templar x8  
  199  13:08  Stargate  
  167  13:49  Dark Templar x3  
  167  13:50  Zealot x2, Dark Templar x3  
  167  13:51  Zealot x6  
  193  14:06  Assimilator  
  193  14:07  Assimilator  
  193  14:14  Stalker x3  
  193  14:16  Observer (Chrono Boost)  
  200  14:17  Nexus  
Tags
 
Add a new tag
Caveats
  • Supply blocks, unpowered buildings, or Contaminate may cause inaccurate times.
  • Supply counts are checked every 10 seconds.